 Dungeon Crawl Stone Soup version 0.26.1-10-gdfb7c7de75 (webtiles) character file.

Game seed: 17491251548136263831

220 tardwrangler69 the Skirmisher (level 5, -4/30 HPs)
             Began as a Vine Stalker Fighter on Apr 10, 2021.
             Slain by a wight
             ... wielding a cursed +0 long sword
              (7 damage)
             ... on level 2 of the Dungeon.
             The game lasted 00:02:16 (2102 turns).

tardwrangler69 the Skirmisher (VSFi)                Turns: 2102, Time: 00:02:17

Health: -4/30      AC:  8    Str: 20    XL:     5   Next: 97%
Magic:  0/6        EV:  7    Int:  8    God:
Gold:   116        SH:  8    Dex:  9    Spells: 4/4 levels left

rFire    . . .     SeeInvis +   a - +1 rapier
rCold    . . .     Faith    .   c - +0 kite shield
rNeg     . . .     Spirit   +   b - +0 scale mail
rPois    .         Reflect  .   (no helmet)
rElec    .         Harm     .   (no cloak)
rCorr    .         Rampage  .   p - +0 pair of gloves
Will     .....                  v - +0 pair of boots
Stlth    ..........             (no amulet)
HPRegen  0.50/turn              h - ring of see invisible
MPRegen  0.10/turn              t - -4 ring of dexterity (curse)

@: no status effects
A: fangs 2, regeneration 1, magic shield, antimagic bite, no potion heal 3
a: no special abilities


You were on level 2 of the Dungeon.
You visited 1 branch of the dungeon, and saw 3 of its levels.

You collected 116 gold pieces.

Inventory:

Hand Weapons
 a - a +1 rapier (weapon)
Armour
 b - a +0 scale mail (worn)
 c - a +0 kite shield (worn)
 p - a +0 pair of gloves (worn)
 v - a +0 pair of boots (worn)
Jewellery
 h - a ring of see invisible (left hand)
 r - an uncursed ring of positive energy
 t - a cursed -4 ring of dexterity (right hand)
Scrolls
 o - a scroll of teleportation
Potions
 d - 2 potions of might
 e - a potion of lignification {unknown}
 g - 2 potions of berserk rage {unknown}
 j - a potion of ambrosia {unknown}
 m - 7 potions of curing {unknown}
 q - a potion of attraction {unknown}


   Skills:
 + Level 4.5 Fighting
 + Level 4.0 Short Blades
 - Level 2.4 Armour
 - Level 2.6 Shields


You had 4 spell levels left.
You didn't know any spells.
Your spell library was empty.

Dungeon Overview and Level Annotations

Branches:
Dungeon (3/15)

Altars:


Innate Abilities, Weirdness & Mutations

You have extremely sharp teeth.
Your natural rate of healing is unusually fast.
When hurt, damage is shared between your health and your magic reserves.
Your bite disrupts and absorbs the magic of your enemies.
Potions cannot restore your health.


Message History

The wight hits you with a cursed +0 dire flail!
* * * LOW HITPOINT WARNING * * *
You feel drained.
You puncture the wight! You bite the wight, but do no damage.
The wight is almost destroyed.
The wight hits you with a cursed +0 dire flail.
* * * LOW HITPOINT WARNING * * *
You hit the wight but do no damage.
The wight is almost destroyed.
You block the wight's attack.
You hit the wight.
You destroy the wight!
You block the wight's attack.
Your life force feels restored.
Your Short Blades skill increases to level 4!
You hit the wight but do no damage. You bite the wight. You drain its power.
You feel invigorated.
The wight is lightly damaged.
The wight hits you with a cursed +0 long sword!
You die...

### #.################
#..........)......
#.###############. #.# #.
########### #@# #. #.........#
#z# #. #.........# #.# #######.
#.........# #[#########.....#.
#.........# ###>................
#..[......####...............#.#.
#............#.#.#########.#.#(#.
###..........'(#+####### #.#...#.
#..........#.)(.(....# #.#.....


You could see a wight.

Vanquished Creatures
  3 wights (D:2)
  2 adders (D:2)
  An ooze (D:2)
  3 dart slugs (D:1)
  2 giant cockroaches
  9 goblins
  7 hobgoblins
  13 jackals (D:2)
  9 bats
  A frilled lizard (D:2)
  7 kobolds
  7 rats
64 creatures vanquished.

Notes
Turn   | Place    | Note
-------+----------+-------------------------------------------
     0 | D:1      | tardwrangler69 the Vine Stalker Fighter began the quest for
                  | the Orb.
     0 | D:1      | Reached XP level 1. HP: 11/11 MP: 2/2
   245 | D:1      | Reached XP level 2. HP: 15/16 MP: 3/3
   613 | D:1      | Reached XP level 3. HP: 20/20 MP: 4/4
  1290 | D:2      | Gained mutation: Your natural rate of healing is unusually
                  | fast. [Vine Stalker growth]
  1290 | D:2      | Reached XP level 4. HP: 9/24 MP: 5/5
  2080 | D:2      | Reached XP level 5. HP: 29/29 MP: 6/6
  2102 | D:2      | Slain by a wight

Illustrated notes

Levels and vault maps discovered:
D:1:      dpeg_arrival_brainrot, layout_loops_ring, hangedman_decor_growths
D:2:      layout_basic
D:3:      layout_basic, cheibriados_altar_2, uniq_ijyb

Skill      XL: |  1  2  3  4  5 |
---------------+----------------+-----
Short Blades   | 2 3 4 |  4.0
Fighting       | 3 4 |  4.5
Armour         | |  2.4
Shields        | |  2.6

Action                   |  1- 3 |  4- 6 || total
-------------------------+-------+-------++-------
Melee: Rapier            |    97 |    90 ||   187
       Bite              |    18 |    25 ||    43
  Use: Scroll            |       |     8 ||     8
Armor: Scale mail        |    38 |    53 ||    91
Dodge: Dodged            |    27 |    41 ||    68
Block: Kite shield       |    49 |    64 ||   113
